 Dungeon Crawl Stone Soup version 0.30-a0-354-g6b83867211 (webtiles) character file.

Game seed: 11909828207796453652

14742 mopl the Thaumaturge (level 11, -4/77 HPs)
             Began as a Mummy Fire Elementalist on Nov 7, 2022.
             Was a High Priest of Vehumet.
             Slain by a cane toad (23 damage)
             ... on level 1 of the Lair of Beasts.
             The game lasted 00:28:22 (11786 turns).

mopl the Thaumaturge (Mummy Fire Elementalist)     Turns: 11786, Time: 00:28:23

Health: -4/77      AC:  6    Str: 11    XL:     11   Next: 92%
Magic:  20/34      EV: 13    Int: 21    God:    Vehumet [*****.]
Gold:   1597       SH:  4    Dex: 14    Spells: 14/31 levels left

rFire   . . .      SeeInvis .    a - staff of fire
rCold   + . .      Faith    +    x - +0 buckler
rNeg    + + +      Spirit   .    l - +0 robe {Archmagi}
rPois   ∞          Reflect  .    (no helmet)
rElec   .          Harm     .    b - +0 cloak
rCorr   .          Rampage  .    (no gloves)
Will    +....      Archmagi +    e - +2 pair of boots "Venef" {Int+3}
Stlth   ++........               D - amulet of regeneration
HPRegen 1.12/turn                r - ring of magical power
MPRegen 0.24/turn                g - ring of flight

@: flying
A: cold resistance 1, negative energy resistance 3, torment resistance 2, heat
vulnerability 1, in touch with death 1, no potions, faith
a: Renounce Religion


You were on level 1 of the Lair of Beasts.
You worshipped Vehumet.
Vehumet was extremely pleased with you.
You visited 3 branches of the dungeon, and saw 12 of its levels.
You also visited: Ossuary, Bailey and Volcano.

You collected 1859 gold pieces.
You spent 262 gold pieces at shops.

Inventory:

Hand Weapons
 m - a +2 spear of venom
Missiles
 k - 21 curare-tipped darts
 z - 14 poisoned darts
 B - 4 datura-tipped darts
Armour
 b - a +0 cloak (worn)
 e - the +2 pair of boots "Venef" (worn) {Int+3}
   (You acquired it on level 5 of the Dungeon)

   Int:       It affects your intelligence (+3).
 l - a +0 robe of the Archmagi (worn)
 p - an orb of energy
 s - a +1 leather armour of fire resistance
 x - a +0 buckler (worn)
Magical Staves
 a - a staff of fire (weapon)
Jewellery
 g - a ring of flight (right hand)
 r - a ring of magical power (left hand)
 D - an amulet of regeneration (around neck)
Wands
 d - a wand of quicksilver (3)
 q - a wand of flame (11)
 w - a wand of charming (16)
Scrolls
 c - 5 scrolls of teleportation
 h - a scroll of immolation
 i - 2 scrolls of fog
 j - 2 scrolls of vulnerability
 n - a scroll of poison
 y - 2 scrolls of identify
 F - a scroll of fear


   Skills:
 + Level 4.2 Fighting
 + Level 1.8 Staves
 + Level 4.0 Dodging
 - Level 1.5 Stealth
 - Level 1.0 Shields
 + Level 10.5 Spellcasting
 * Level 8.1 Conjurations
 - Level 2.0 Translocations
 * Level 8.5 Fire Magic
 - Level 2.0 Air Magic
 + Level 6.5 Evocations


You had 14 spell levels left.
You knew the following spells:

 Your Spells              Type           Power      Damage    Failure   Level
a - Iskenderun's Mystic   Conj/Tloc      48%        2d11      3%          4
b - Scorch                Fire           100%       2d10      1%          2
c - Kindle Blastsparks    Fire/Tloc/Air  100%       2d18      1%          3
d - Flame Wave            Conj/Fire      80%        2d17      1%          4
e - Foxfire               Conj/Fire      100%       2x1d9     1%          1
g - Ignite Poison         Fire/Tmut/Pois 51%        N/A       2%          3

Your spell library contained the following spells:

 Spells                   Type           Power      Damage    Failure   Level
 Conjure Ball Lightning   Conj/Air       24%        3x3d7     36%         6
 Inner Flame              Hex/Fire       60%        N/A       1%          3
 Fulminant Prism          Conj/Hex       21%        3d12      4%          4
 Swiftness                Air            29%        N/A       11%         3
 Ensorcelled Hibernation  Hex/Ice        32%        N/A       13%         2
 Passwall                 Tmut/Erth      13%        N/A       13%         2
 Lee's Rapid Deconstruct  Erth           8%         3d7*      50%         5


Dungeon Overview and Level Annotations

Branches:
Dungeon (10/15)            Temple (1/1) D:6            Lair (1/5) D:9
    Orc (0/2) D:9         Ossuary (visited)          Bailey (visited)
Volcano (visited)

Altars:
Ashenzari
Cheibriados
Dithmenos
Gozag
Hepliaklqana
Kikubaaqudgha
Makhleb
Nemelex Xobeh
Okawaru
Qazlal
Ru
Sif Muna
Trog
Uskayaw
Vehumet
Wu Jian
Xom
Yredelemnul

Shops:
D:1 (   D:9 [

Annotations:
D:10 3 runed translucent doors, qborf's ghost, journeyman DrHW


Innate Abilities, Weirdness & Mutations

You are immune to poison.
Your flesh is cold resistant. (rC+)
You are immune to negative energy. (rN+++)
You are immune to unholy pain and torment.
You are vulnerable to heat. (rF-)
You are in touch with the powers of death.
You do not drink.
You have a special connection with the divine. (Faith)


Message History

You feel your power returning. (Press . to intensify the flame waves.)
The cane toad barely misses you.
A wave of flame ripples out!
The flame wave engulfs the cane toad!!!
The cane toad is burned terribly!
You kill the cane toad!
Vehumet accepts your kill.
You feel your power returning.
The flame wave engulfs the cane toad!
The cane toad is burned terribly!
The cane toad is moderately wounded.
The flame wave engulfs the fungus!
The fungus is lightly damaged.
The flame wave engulfs the fungus!!
The fungus begins to die.
The fungus is lightly damaged.
The cane toad is no longer more vulnerable to fire.
The cane toad stings you.
A wave of flame ripples out!
The flame wave engulfs the cane toad!!
The cane toad is severely wounded.
The flame wave engulfs the fungus!!
The fungus is moderately damaged.
The flame wave engulfs the fungus!!
The fungus is moderately damaged.
The flame wave engulfs the plant!
The plant begins to die.
The plant is lightly damaged.
The cane toad stings you!
* * * LOW HITPOINT WARNING * * *
Unknown command.
A wave of flame ripples out!
The flame wave engulfs the cane toad.
The cane toad is almost dead.
The flame wave engulfs the fungus!!
The fungus is heavily damaged.
The flame wave engulfs the fungus.
The fungus is moderately damaged.
The flame wave engulfs the plant!!
The plant is moderately damaged.
The flame wave engulfs the plant!!
The plant begins to die.
The plant is lightly damaged.
You finish channelling waves of flame.
You block the cane toad's attack. The cane toad stings you!!
You die...

... #. ... #.... ......#[##.#
#...# ......+..... ....#
.......P..... .
#...#.............. ..
#...#..............
##.....####.......... #>....
......#.P#.F.P.##..####.....
#..........@................
#....###.#.P###..#.......##P
#....#............#......###
#....#............#.......#
##....##.##+.##P..##......##
#.........................###
##.##.####.##..#####......##.
#.#### ####.## ##........ #.#
#.# #........


You could see a cane toad.

Vanquished Creatures
  A hydra (Lair:1)
  A lindwurm (Volcano)
  A black mamba (Lair:1)
  2 cane toads (Lair:1)
  A komodo dragon (D:9)
  2 polar bears (Lair:1)
  A hornet (D:7)
  3 blink frogs (Lair:1)
  Sigmund (D:6)
  A shadow (D:9)
  7 steam dragons
  2 wyverns (D:9)
  19 yaks
  A basilisk (Lair:1)
  2 vampire mosquitoes (D:10)
  Edmund (D:6)
  3 water moccasins
  14 orc warriors
  5 black bears
  A hornet zombie (Ossuary)
  8 kobold brigands
  2 phantoms (D:5)
  9 bullfrogs
  A gnoll sergeant (D:9)
  2 scorpions
  A water moccasin zombie (Ossuary)
  A wyvern zombie (Ossuary)
  11 wights
  8 killer bees
  2 howler monkeys (D:9)
  An electric eel (D:7)
  9 bullfrog zombies (Ossuary)
  A human zombie (D:5)
  A jelly (D:5)
  5 orc priests
  9 centaur zombies (Ossuary)
  A gnoll bouda (D:6)
  An iguana (D:4)
  17 orc wizards
  2 killer bee zombies (Ossuary)
  8 mummies (Ossuary)
  A howler monkey zombie (Ossuary)
  9 adders
  12 gnolls
  A shadow imp (D:5)
  2 ufetubi
  2 worms (D:2)
  6 dart slugs
  50 orcs
  9 ball pythons
  5 bats
  7 endoplasms
  2 giant cockroaches (D:2)
  12 hobgoblins
  8 jackals
  26 kobolds
  6 quokkas
  5 frilled lizards
  2 goblins
  5 rats
339 creatures vanquished.

Vanquished Creatures (others)
  11 foxfires (D:1)
  14 fungi (D:9)
  18 plants
  6 withered plants (Ossuary)
49 creatures vanquished.

Grand Total: 388 creatures vanquished

Notes
Turn   | Place    | Note
-------+----------+-------------------------------------------
     0 | D:1      | mopl the Mummy Fire Elementalist began the quest for the
                  | Orb.
     0 | D:1      | Reached XP level 1. HP: 13/13 MP: 4/4
   109 | D:1      | Reached skill level 1 in Conjurations
   116 | D:1      | Reached skill level 3 in Spellcasting
   117 | D:1      | Reached XP level 2. HP: 19/19 MP: 0/6
   172 | D:1      | Learned a level 2 spell: Scorch
   623 | D:1      | Gained mutation: You are in touch with the powers of death.
                  | [Mummy growth]
   623 | D:1      | Reached XP level 3. HP: 19/24 MP: 4/7
   643 | D:1      | Found a faded altar of an unknown god.
   767 | D:1      | Found Appuruh's Weapon Emporium.
   987 | D:2      | Reached skill level 3 in Fire Magic
  1117 | D:2      | Reached XP level 4. HP: 28/30 MP: 0/9
  1568 | D:2      | Reached skill level 2 in Conjurations
  1611 | D:2      | Reached skill level 4 in Spellcasting
  2012 | D:3      | Found a shadowy altar of Dithmenos.
  2067 | D:3      | Learned a level 3 spell: Kindle Blastsparks
  2471 | D:3      | Reached XP level 5. HP: 34/35 MP: 8/11
  2902 | D:4      | Reached skill level 1 in Translocations
  2902 | D:4      | Reached skill level 1 in Air Magic
  2902 | D:4      | Reached XP level 6. HP: 41/41 MP: 7/13
  3140 | D:4      | Learned a level 4 spell: Flame Wave
  3540 | D:5      | Entered Level 5 of the Dungeon
  3541 | D:5      | Identified a scroll of acquirement
  3544 | D:5      | Acquired the +2 pair of boots "Venef" {Int+3}
  3590 | D:5      | Reached skill level 5 in Spellcasting
  3591 | D:5      | Reached skill level 1 in Evocations
  3682 | D:5      | Noticed a water moccasin
  3687 | D:5      | Killed a water moccasin
  3688 | D:5      | Reached XP level 7. HP: 45/46 MP: 3/14
  3734 | D:5      | Reached skill level 3 in Conjurations
  3883 | D:5      | Found a sand-covered staircase.
  3894 | D:5      | Reached skill level 4 in Fire Magic
  3894 | D:5      | Reached skill level 2 in Air Magic
  3896 | Ossuary  | Entered an ossuary
  4024 | Ossuary  | Reached skill level 2 in Translocations
  4105 | Ossuary  | Reached skill level 2 in Evocations
  4123 | Ossuary  | Reached skill level 6 in Spellcasting
  4228 | Ossuary  | Reached XP level 8. HP: 52/52 MP: 6/17
  4497 | Ossuary  | Reached skill level 4 in Conjurations
  4641 | Ossuary  | Reached skill level 3 in Evocations
  4834 | Ossuary  | Reached skill level 5 in Fire Magic
  4902 | Ossuary  | Reached skill level 7 in Spellcasting
  4961 | Ossuary  | Learned a level 4 spell: Iskenderun's Mystic Blast
  5602 | D:6      | Found a shimmering altar of Xom.
  5674 | D:6      | Reached XP level 9. HP: 52/57 MP: 12/20
  5844 | D:6      | Found a staircase to the Ecumenical Temple.
  5856 | Temple   | Entered the Ecumenical Temple
  5982 | Temple   | Became a worshipper of Vehumet
  6081 | D:6      | Reached skill level 4 in Evocations
  6122 | D:6      | Noticed Sigmund
  6130 | D:6      | Killed Sigmund
  6131 | D:6      | Reached skill level 5 in Conjurations
  6144 | D:6      | Noticed Edmund
  6154 | D:6      | Killed Edmund
  6155 | D:6      | Reached skill level 8 in Spellcasting
  6362 | D:6      | Reached skill level 6 in Fire Magic
  6579 | D:7      | Reached * piety under Vehumet
  6579 | D:7      | Offered knowledge of Freeze by Vehumet.
  6684 | D:7      | Reached skill level 5 in Evocations
  6702 | D:7      | Reached skill level 9 in Spellcasting
  6862 | D:7      | Reached XP level 10. HP: 52/63 MP: 23/23
  6878 | D:7      | Reached skill level 6 in Conjurations
  7043 | D:7      | Reached ** piety under Vehumet
  7043 | D:7      | Offered knowledge of Static Discharge by Vehumet.
  7574 | D:7      | Reached skill level 1 in Fighting
  7610 | D:8      | Reached skill level 2 in Dodging
  8529 | D:9      | Found a staircase to the Orcish Mines.
  8535 | D:9      | Offered knowledge of Ignite Poison by Vehumet.
  8579 | D:9      | Reached skill level 7 in Fire Magic
  8663 | D:9      | Learned a level 3 spell: Ignite Poison
  8803 | D:9      | Found a staircase to the Lair.
  8842 | D:9      | Reached skill level 2 in Fighting
  8853 | D:9      | Reached *** piety under Vehumet
  9046 | D:9      | HP: 2/68 [yak (7)]
  9051 | D:9      | Reached skill level 1 in Shields
  9307 | D:9      | Found Comn's Antique Armour Shoppe.
  9312 | D:9      | Bought a pair of runed gloves for 262 gold pieces
  9464 | D:9      | Offered knowledge of Stone Arrow by Vehumet.
  9465 | D:9      | Reached skill level 7 in Conjurations
  9470 | D:9      | Reached skill level 3 in Dodging
  9472 | D:9      | Reached XP level 11. HP: 29/74 MP: 15/24
  9922 | D:10     | Entered Level 10 of the Dungeon
 10007 | D:10     | Found a flagged portal.
 10017 | Bailey   | Entered a bailey
 10033 | Bailey   | Reached **** piety under Vehumet
 10049 | Bailey   | Offered knowledge of Freezing Cloud by Vehumet.
 10350 | Bailey   | Reached skill level 3 in Fighting
 10364 | Bailey   | Reached skill level 6 in Evocations
 10447 | Bailey   | Found a burning altar of Makhleb.
 10536 | D:10     | Reached skill level 10 in Spellcasting
 10754 | D:10     | Acquired a staff of fire
 10791 | D:10     | Found a runed translucent gate.
 10792 | D:10     | Found a runed translucent gate.
 10792 | D:10     | Noticed qborf's ghost (journeyman DrHW)
 10793 | D:10     | Found a runed translucent gate.
 11133 | Lair:1   | Entered Level 1 of the Lair of Beasts
 11201 | Lair:1   | Found a dark tunnel.
 11208 | Volcano  | Entered a volcano
 11271 | Volcano  | Noticed a lindwurm
 11277 | Volcano  | Reached skill level 8 in Fire Magic
 11278 | Volcano  | Killed a lindwurm
 11367 | Volcano  | Noticed a fire dragon
 11415 | Lair:1   | Reached ***** piety under Vehumet
 11416 | Lair:1   | Offered knowledge of Conjure Ball Lightning by Vehumet.
 11425 | Lair:1   | Reached skill level 1 in Staves
 11507 | Lair:1   | Noticed a five-headed hydra
 11509 | Lair:1   | Noticed an alligator
 11509 | Lair:1   | Noticed a fire crab
 11532 | Lair:1   | Killed a five-headed hydra
 11554 | Lair:1   | Reached skill level 4 in Fighting
 11581 | Lair:1   | Reached skill level 8 in Conjurations
 11644 | Lair:1   | Reached skill level 4 in Dodging
 11786 | Lair:1   | Slain by a cane toad

Illustrated notes

Levels and vault maps discovered:
D:1:      evilmike_arrival_rings, layout_loops_ring, serial_shops, shop,
          ebering_ecumenical_altar_mist, corexii_corridor_pit,
          chequers_hall_statues_y, minmay_statues_item
D:2:      layout_loops_ring, serial_forest, infiniplex_forest_side_room,
          infiniplex_forest_lined_corner, infiniplex_forest_clump_C,
          infiniplex_forest_straight_4, infiniplex_forest_diagonal,
          infiniplex_forest_lined_3, infiniplex_forest_lined_room_2,
          infiniplex_forest_lined_room_
D:3:      layout_loops_ring, grunt_dithmenos_smoke, nicolae_elyvilon_temple_path
D:4:      layout_cave_pods
D:5:      layout_basic, enter_ossuary_3, chequers_avenue
D:6:      layout_basic, kennysheep_little_box, minmay_temple_entry_wispy,
          sigmund_edmund_badplayer
D:7:      layout_basic, hangedman_decor_peaks_small, nicolae_eternal_life,
          kennysheep_doodads, bh_walls_and_bars
D:8:      layout_basic, hex_tiny
D:9:      layout_gridville, zin_statuary, grunt_lair_entry_orc_guard_hut,
          david_orc_3, serial_shops, shop
D:10:     layout_loops_ring, enter_bailey_4, gammafunk_ghost_nasty_kobolds
Temple:   mainiacjoe_temple_bowtie_tessellation
Lair:1:   layout_chaotic_city, nicolae_volcano_entry_lava_flow,
          minmay_stone_trees_small, nicolae_lair_lakeside_cave

Skill      XL: |  1  2  3  4  5  6  7  8  9 10 11 |
---------------+----------------------------------+-----
Conjurations   | 1 2 3 4 5 7 8 |  8.1
Spellcasting   | 3 4 5 6 7 9 10 | 10.5
Fire Magic     | 3 4 5 6 7 8 |  8.5
Translocations | 1 2 |  2.0
Air Magic      | 1 2 |  2.0
Evocations     | 1 2 3 5 6 |  6.5
Fighting       | 2 4 |  4.2
Dodging        | 3 4 |  4.0
Shields        | 1 |  1.0
Staves         | 1 |  1.8
Stealth        | |  1.5

Action                   |  1- 3 |  4- 6 |  7- 9 | 10-12 || total
-------------------------+-------+-------+-------+-------++-------
Melee: Unarmed           |     6 |       |       |       ||     6
       Short sword       |    38 |       |       |       ||    38
       Dagger            |    40 |   104 |    79 |    24 ||   247
       Punch             |       |       |       |     2 ||     2
       Staff             |       |       |       |     1 ||     1
 Cast: Foxfire           |     7 |       |       |       ||     7
       Scorch            |    28 |    61 |   188 |   244 ||   521
       Kindle Blastspark |       |       |     5 |    34 ||    39
       Flame Wave        |       |       |     1 |     7 ||     8
Evoke: Wand              |       |       |     7 |     3 ||    10
  Use: Scroll            |       |     4 |     4 |     7 ||    15
 Stab: Sleeping          |     1 |     2 |     1 |       ||     4
Armor: Robe              |    33 |    22 |    80 |    36 ||   171
Dodge: Dodged            |   106 |    77 |   147 |    86 ||   416
Block: Buckler           |       |       |       |    27 ||    27
       Reflection        |       |       |       |     5 ||     5

Table legend: (Time is in decaauts)
 A = Elapsed time spent in this place.
 B = Non-inter-level travel time spent in this place.
 C = Inter-level travel time spent in this place.
 D = Time resting spent in this place.
 E = Time spent auto-exploring this place.
 F = Levels seen in this place.
 G = Mean time per level.
                   A        B        C        D        E       F      G
               +--------+--------+--------+--------+--------+-----+--------+
         Total |  11801 |  11424 |    377 |   2520 |   6129 |  15 |  786.7 |
       Dungeon |   9459 |   9093 |    366 |   1505 |   5570 |  10 |  945.9 |
        Temple |    136 |    126 |     10 |      0 |    113 |   1 |  136.0 |
          Lair |    471 |    471 |      0 |    105 |    172 |   1 |  471.0 |
       Ossuary |   1080 |   1080 |      0 |    706 |    103 |   1 | 1080.0 |
        Bailey |    472 |    472 |      0 |    182 |     65 |   1 |  472.0 |
       Volcano |    180 |    180 |      0 |     22 |    106 |   1 |  180.0 |
               +--------+--------+--------+--------+--------+-----+--------+

Top non-repeatable levels by time:
     D:9: 1624 daAuts
     D:7: 1122 daAuts
 Ossuary: 1080 daAuts
     D:2: 982 daAuts
     D:5: 946 daAuts
     D:3: 907 daAuts
     D:1: 872 daAuts
     D:6: 800 daAuts
     D:4: 777 daAuts
     D:8: 719 daAuts
    D:10: 707 daAuts
  Bailey: 472 daAuts
  Lair:1: 471 daAuts
 Volcano: 180 daAuts
  Temple: 136 daAuts
